cohdb
Replays
Latest Replays
All Replays
Popular Replays
Top Player Replays
Match Explorer
How It Works
Community
CoH3 Stats
Reddit
Sign in to upload your games and track your stats! →
Sign in with Steam
Match 45781505
Unlisted
Match 45781505
Overview
Messages
Build Orders
End
Panzergrenadier Squad
Kradschützen Motorcycle Team
Selects Armored Support Battlegroup
Panzergrenadier Squad
Construct Light Support Kompanie
2.5-tonne Medical Truck
Combat Half-tracks
Fire Support Elements
250 Light Carrier
2.5-tonne Medical Truck
le.IG 18 Mechanized Group
Veteran Squad Leaders
Selects Salvage Kits
Selects Veteran Gunners
2.5-tonne Medical Truck
Pak 38 Anti-tank Gun Team
Construct Panzerarmee Kommand
Panzerjäger Squad
Capitalism
永泰制药销售代表
LEARNING TO PLAY
vincent
MaWerrick
Kys-tier rat
Globalnaya
Elder-Gyattson
0
0
Comments
sign in to comment!
No comments posted yet!